 Dungeon Crawl Stone Soup version 0.25-a0-102-gbfa96ce22d (webtiles) character file.

Game seed: 17850570454250106549, levelgen mode: deterministic

135 vurker the Magician (level 4, -6/32 HPs)
             Began as a Mummy Fire Elementalist on Nov 15, 2019.
             Shot with an arrow by a centaur (13 damage)
             ... on level 3 of the Dungeon.
             The game lasted 00:04:13 (3088 turns).

vurker the Magician (Mummy Fire Elementalist)       Turns: 3088, Time: 00:04:13

Health: -6/32      AC:  6    Str: 11    XL:     4   Next: 97%
Magic:  10/10      EV: 12    Int: 19    God:
Gold:   105        SH:  0    Dex: 12    Spells: 10/11 levels left

rFire    x . .     SeeInvis .   l - +1 dagger (venom)
rCold    + . .     Gourm    .   (no shield)
rNeg     + + +     Faith    .   a - +0 robe
rPois    ∞         Spirit   .   i - +0 helmet
rElec    .         Reflect  .   (no cloak)
rCorr    .         Harm     .   (no gloves)
MR       .....                  k - +2 pair of boots
Stlth    ++........             (no amulet)
HPRegen  0.10/turn              h - +4 ring of intelligence
MPRegen  0.12/turn              (no ring)

@: no status effects
A: no food or potions, fire vulnerability, cold resistance 1, negative energy
resistance 3, torment resistance, unbreathing
a: no special abilities


You were on level 3 of the Dungeon.
You were not hungry.

You visited 1 branch of the dungeon, and saw 3 of its levels.

You collected 105 gold pieces.

Inventory:

Hand Weapons
 l - a +1 dagger of venom (weapon)
   (You took it off a kobold on level 2 of the Dungeon)
Armour
 a - a +0 robe (worn)
 i - a +0 helmet (worn)
   (You found it on level 2 of the Dungeon)
 k - a +2 pair of boots (worn)
   (You found it on level 2 of the Dungeon)
Jewellery
 h - a +4 ring of intelligence (left hand)
   (You found it on level 2 of the Dungeon)
Scrolls
 c - 3 scrolls of teleportation
 d - 2 scrolls of amnesia
 f - 2 scrolls of remove curse


   Skills:
 + Level 1.4 Fighting
 - Level 1.5 Dodging
 - Level 1.5 Stealth
 * Level 4.1 Spellcasting
 * Level 2.0 Conjurations
 * Level 3.2 Fire Magic


You had 10 spell levels left.
You knew the following spells:

 Your Spells              Type           Power        Failure   Level  Hunger
a - Flame Tongue          Conj/Fire      ##...        4%          1    N/A

Your spell library contained the following spells:

 Spells                   Type           Power        Failure   Level  Hunger
 Throw Flame              Conj/Fire      ##....       7%          2    N/A
 Conjure Flame            Conj/Fire      ##......     14%         3    N/A
 Inner Flame              Hex/Fire       ##......     22%         3    N/A
 Sticky Flame             Conj/Fire      ##......     41%         4    N/A
 Fireball                 Conj/Fire      ##........   77%         5    N/A

Dungeon Overview and Level Annotations

Branches:
Dungeon (3/15)

Altars:

Annotations:
D:3 2 runed translucent doors, hitsuchi's ghost, amateur DsGl


Innate Abilities, Weirdness & Mutations

You do not eat or drink.
Your flesh is vulnerable to fire.
You are immune to poison.
Your flesh is cold resistant. (rC+)
You are immune to negative energy. (rN+++)
You are immune to unholy pain and torment.
You can survive without breathing.


Message History

Things that are here:
a jackal corpse x3
A bat comes into view.
A bat is nearby!
The bat closely misses you.
You hit the bat but do no damage.
The bat is poisoned.
The bat barely misses you.
You hit the bat.
You kill the bat!
No target in view!
No target in view!
Found 8 gold pieces.
You now have 105 gold pieces (gained 8).
Found a ring mail.
The bullfrog croaks.
Hitsuchi's ghost turns its malevolent gaze towards you.
You see here a rat skeleton.
You open the door.
There is an open door here.
You open the door.
There is an open door here.
You open the door.
There is an open door here.
There is an open door here.
There is an open door here.
There is an open door here.
A goblin comes into view.
The goblin shouts!
You hit the goblin.
You kill the goblin!
A worker ant comes into view.
A centaur comes into view.
You see here a goblin corpse.
The centaur wields a +0 shortbow.
The centaur shoots an arrow.
The arrow misses you.
Found a stone staircase leading up.
You see here an arrow.
You hit the worker ant but do no damage.
The worker ant is poisoned.
The worker ant bites you.
You see here an arrow.
You hit the worker ant.
The worker ant looks as sick as possible!
The worker ant bites you! The worker ant barely misses you.
You hit the worker ant.
You kill the worker ant!
Your Conjurations skill increases to level 2!
The centaur shoots an arrow.
The arrow hits you!
* * * LOW HITPOINT WARNING * * *
The centaur shoots an arrow.
The arrow hits you!
You die...

..#### <...# ....# #...
###... ....####.#
#.c.....# #.# #@# #†#
#.# ########.###########
#.........##.....†.#
#.######..##.#####.#
#######.#####........#
#†#
##....................#
#.#
##.....##.###..........#
#.#


You could see a centaur.

Vanquished Creatures
  A worker ant (D:3)
  3 adders
  An ooze (D:2)
  3 worms
  2 dart slugs
  8 bats
  5 giant cockroaches
  4 hobgoblins
  14 jackals
  3 frilled lizards
  7 goblins
  6 kobolds
  9 rats
66 creatures vanquished.

Notes
Turn   | Place    | Note
-------+----------+-------------------------------------------
     0 | D:1      | vurker the Mummy Fire Elementalist began the quest for the
                  | Orb.
     0 | D:1      | Reached XP level 1. HP: 13/13 MP: 4/4
   142 | D:1      | Reached skill level 1 in Conjurations
   459 | D:1      | Reached skill level 3 in Spellcasting
   459 | D:1      | Reached XP level 2. HP: 19/19 MP: 3/6
  1559 | D:2      | Reached XP level 3. HP: 20/25 MP: 3/7
  2006 | D:2      | Reached skill level 1 in Fighting
  2125 | D:2      | Reached XP level 4. HP: 32/32 MP: 2/9
  2827 | D:3      | Reached skill level 4 in Spellcasting
  2918 | D:3      | Found a runed translucent door.
  2922 | D:3      | Noticed a bullfrog
  2923 | D:3      | Noticed hitsuchi's ghost (amateur DsGl)
  2961 | D:3      | Found a runed translucent door.
  3082 | D:3      | Noticed a centaur
  3088 | D:3      | Shot with an arrow by a centaur

Levels and vault maps discovered:
D:1:      lemuel_arrival_rhombus, layout_basic, kennysheep_boxes
D:2:      layout_rooms, first_ration, grunt_ministairs_15, st_stairs_8,
          minmay_misc_feat_tiny, minmay_close_crescents
D:3:      layout_loops_corners, ebering_ghost_sewer_f,
          ebering_dispersal_statue_hall, grunt_gozag_breadcrumbs

Skill      XL: |  1  2  3  4 |
---------------+-------------+-----
Conjurations   | 1 2 |  2.0
Spellcasting   | 3 4 |  4.1
Fighting       | 1 |  1.4
Fire Magic     | 3 |  3.2
Dodging        | |  1.5
Stealth        | |  1.5

Action                   |  1- 3 |  4- 6 || total
-------------------------+-------+-------++-------
Melee: Unarmed           |     8 |       ||     8
       Dagger            |       |    24 ||    24
 Cast: Flame Tongue      |    80 |    26 ||   106
  Use: Scroll            |       |     6 ||     6
 Stab: Sleeping          |       |     2 ||     2
Armor: Robe              |     7 |     8 ||    15
Dodge: Dodged            |    24 |    19 ||    43

Table legend:
 A = Non-vault XP
 B = Vault XP
 C = Vault XP percentage of total XP
 D = Non-vault monster count
 E = Vault monster count
 F = Vault count percentage of total count
                 A         B        C        D         E       F
            +---------+---------+-------+---------+---------+-------
      Total |     176 |      18 |   9.3 |      57 |       9 |  13.6
            +---------+---------+-------+---------+---------+-------
        D:1 |      33 |       0 |   0.0 |      21 |       0 |   0.0
        D:2 |      63 |      18 |  22.2 |      18 |       9 |  33.3
        D:3 |      80 |       0 |   0.0 |      18 |       0 |   0.0
            +---------+---------+-------+---------+---------+-------
